 Dungeon Crawl Stone Soup version 0.22.0-75-g3901e79 (webtiles) character file.

316 Starchild the Quickloader (level 6, -3/34 HPs)
             Began as a Kobold Arcane Marksman on Sept 14, 2018.
             Slain by Edmund
             ... wielding a +1 flail of protection
              (5 damage)
             ... on level 4 of the Dungeon.
             The game lasted 00:12:38 (3156 turns).

Starchild the Quickloader (Kobold Arcane Marksman)  Turns: 3156, Time: 00:12:39

Health: -3/34      AC:  4    Str: 12    XL:     6   Next: 73%
Magic:  7/7        EV: 16    Int: 16    God:
Gold:   198        SH:  0    Dex: 21    Spells: 4/7 levels left

rFire    . . .     SeeInvis .   a - +0 hand crossbow
rCold    . . .     Gourm    .   (shield restricted)
rNeg     . . .     Faith    .   e - +0 robe
rPois    .         Spirit   .   m - +1 helmet
rElec    .         Reflect  .   (no cloak)
rCorr    .         Harm     .   (no gloves)
MR       .....                  (no boots)
Stlth    ++........             (no amulet)
HPRegen  0.11/turn              y - +5 ring of dexterity
MPRegen  0.10/turn              v - +5 ring of strength

@: no status effects
A: small, carnivore
a: no special abilities


You were on level 4 of the Dungeon.
You were not hungry.

You visited 1 branch of the dungeon, and saw 4 of its levels.

You collected 198 gold pieces.

Inventory:

Hand Weapons
 a - a +0 hand crossbow (weapon)
 b - a +0 dagger
 u - a +0 long sword of flaming
Missiles
 c - 171 stones
 d - 8 bolts (quivered)
Armour
 e - a +0 robe (worn)
 m - a +1 helmet (worn)
Jewellery
 o - an uncursed ring of fire
 v - a +5 ring of strength (right hand)
 y - a +5 ring of dexterity (left hand)
 z - a cursed ring of attention {unknown}
Scrolls
 h - a scroll of amnesia
 n - a scroll of random uselessness
 q - a scroll of blinking {unknown}
 r - a scroll of remove curse {unknown}
 t - a scroll of fear {unknown}
 x - a scroll of identify {unknown}
Potions
 g - a potion of curing {unknown}
 i - a potion of agility {unknown}
 j - a potion of invisibility {unknown}
 k - a potion of magic {unknown}
 l - a potion of lignification {unknown}
 p - a potion of heal wounds {unknown}
 s - a potion of cancellation {unknown}
 w - a potion of degeneration {unknown}
Comestibles
 f - 6 rations


   Skills:
 - Level 1.1 Fighting
 + Level 8.0 Crossbows
 - Level 2.4 Dodging
 - Level 1.1 Spellcasting
 - Level 3.0 Hexes


You had 4 spell levels left.
You knew the following spells:

 Your Spells              Type           Power        Failure   Level  Hunger
a - Corona                Hex            ##.....      7%          1    ##.....
b - Slow                  Hex            ##......     10%         2    ###....

Your spell library contained the following spells:

 Spells                   Type           Power        Failure   Level  Hunger
 Inner Flame              Hex/Fire       #.......     36%         3    ####...
 Portal Projectile        Hex/Tloc       #.....       36%         3    ####...
 Cause Fear               Hex            ##........   54%         4    #####..
 Leda's Liquefaction      Hex/Erth       #.........   77%         4    #####..


Dungeon Overview and Level Annotations

Branches:
Dungeon (4/15)
 Temple: D:4-7

Altars:
Elyvilon
Gozag
Hepliaklqana
Makhleb
Nemelex Xobeh
Vehumet

Shops:
D:4 :

Annotations:
D:4 Edmund


Innate Abilities, Weirdness & Mutations

You are small and have problems with some larger weapons.
You are carnivorous and can eat meat at any time.


Message History

Firing (i - inventory. (/) - cycle)
d - 11 bolts (quivered)
Press: ? - help, Shift-Dir - straight line, f/p - Edmund
Aim: Edmund, wielding a flail of protection and wearing a runed leather armour You shoot a bolt.
The bolt hits Edmund but does no damage.
Edmund is severely wounded.
Edmund hits you with a flail of protection.
* * * LOW HITPOINT WARNING * * *
Firing (i - inventory. (/) - cycle)
d - 10 bolts (quivered)
Press: ? - help, Shift-Dir - straight line, f/p - Edmund
Aim: Edmund, wielding a flail of protection and wearing a runed leather armour You shoot a bolt.
The bolt hits Edmund.
Edmund is severely wounded.
Firing (i - inventory. (/) - cycle)
d - 9 bolts (quivered)
Press: ? - help, Shift-Dir - straight line, f/p - Edmund
Aim: Edmund, wielding a flail of protection and wearing a runed leather armour You shoot a bolt.
The bolt hits Edmund.
Edmund is almost dead.
Edmund hits you with a flail of protection.
You die...

#........##
#.......†...####.
##.......##
#.....#####.)....
#........# #....##
#####<. #........##
###### ##...
###.##......## #....
#..#######...#######
#.... ..##
##........####
#....# .##
##............##
#....## ##
#........@@.....(
#...## #
#...........(....
...#
#............((..
..# ####
##.............(.
#...
#...............
##...
##..............
#....
#....)..%......
##....
##.............
#..... #.....


You could see Edmund.

Vanquished Creatures
  An ogre (D:4)
  A howler monkey (D:4)
  A worker ant (D:4)
  An iguana (D:4)
  7 adders
  A worm (D:3)
  3 dart slugs (D:1)
  3 leopard geckos
  A giant cockroach (D:1)
  7 goblins
  6 hobgoblins
  10 jackals
  6 kobolds
  2 quokkas (D:2)
  A ball python (D:2)
  4 bats
  7 frilled lizards
  A quokka skeleton (D:3)
  9 rats
72 creatures vanquished.

Notes
Turn   | Place    | Note
-------+----------+-------------------------------------------
     0 | D:1      | Starchild the Kobold Arcane Marksman began the quest for
                  | the Orb.
     0 | D:1      | Reached XP level 1. HP: 12/12 MP: 2/2
   184 | D:1      | Reached skill level 3 in Crossbows
   186 | D:1      | Reached XP level 2. HP: 8/16 MP: 3/3
   541 | D:1      | Reached skill level 4 in Crossbows
   541 | D:1      | Reached XP level 3. HP: 20/20 MP: 4/4
  1169 | D:2      | Found an opulent altar of Gozag.
  1219 | D:2      | Learned a level 2 spell: Slow
  1273 | D:2      | Reached XP level 4. HP: 25/25 MP: 5/5
  1338 | D:2      | Found a hazy altar of Hepliaklqana.
  1382 | D:2      | Found a burning altar of Makhleb.
  1463 | D:2      | Found a sparkling altar of Nemelex Xobeh.
  1469 | D:2      | Reached skill level 5 in Crossbows
  1785 | D:3      | Found a white marble altar of Elyvilon.
  2004 | D:3      | Found a radiant altar of Vehumet.
  2336 | D:3      | Reached XP level 5. HP: 29/29 MP: 6/6
  2538 | D:3      | Reached skill level 6 in Crossbows
  2966 | D:4      | Found Jaeps's Distillery.
  2967 | D:4      | Found Zoph's Book Shop.
  2988 | D:4      | Noticed an ogre
  2993 | D:4      | Killed an ogre
  2993 | D:4      | Reached skill level 7 in Crossbows
  2993 | D:4      | Reached XP level 6. HP: 34/34 MP: 7/7
  3018 | D:4      | Reached skill level 8 in Crossbows
  3134 | D:4      | Noticed Edmund
  3156 | D:4      | Slain by Edmund

Skill      XL: |  1  2  3  4  5  6 |
---------------+-------------------+-----
Crossbows      | 3 4 5 7 8 |  8.0
Fighting       | |  1.1
Dodging        | |  2.4
Spellcasting   | |  1.1
Hexes          | |  3.0

Action                   |  1- 3 |  4- 6 || total
-------------------------+-------+-------++-------
Melee: Dagger            |     4 |    22 ||    26
 Fire: Hand crossbow     |    60 |   121 ||   181
Throw: Stone             |       |     9 ||     9
  Use: Scroll            |       |     2 ||     2
  Eat: Chunk             |     2 |     7 ||     9
Armor: Robe              |     3 |    19 ||    22
Dodge: Dodged            |    15 |    69 ||    84
